 Dungeon Crawl Stone Soup version 0.17-a0-1007-gb2305a1 (webtiles) character file.

6185 Kisielow the Nimble (level 10, -1/74 HPs)
             Began as a Merfolk Transmuter on May 13, 2015.
             Was an Elder of Okawaru.
             Slain by Snorg (6 damage)
             ... on level 2 of the Orcish Mines.
             The game lasted 00:29:53 (11003 turns).

Kisielow the Nimble (Merfolk Transmuter)           Turns: 11003, Time: 00:29:53

Health: -1/74      AC:  2    Str: 11    XL:     10   Next: 91%
Magic:  21/22      EV: 36    Int: 16    God:    Okawaru [****..]
Gold:   191        SH:  0    Dex: 19    Spells: 4 memorised, 0 levels left

rFire  . . .     SeeInvis +       - Unarmed
rCold  . . .     Clarity  +     (armour currently unavailable)
rNeg   . . .     SustAb   .     (shield currently unavailable)
rPois  x         Gourm    .     (helmet currently unavailable)
rElec  .         Spirit   .     (cloak currently unavailable)
rCorr  .         Warding  .     (gloves currently unavailable)
rMut   .         Stasis   .     (boots currently unavailable)
MR     .....                    q - amulet of clarity
Stlth  ++++......               C - ring of magical power
                                t - ring of see invisible

@: spider-form, heroism, not resistant to hostile enchantments, stealthy
A: (change form in water), (swift swim)
a: End Transformation, Heroism, Renounce Religion


You were on level 2 of the Orcish Mines.
You worshipped Okawaru.
Okawaru was greatly pleased with you.
You were hungry.
You were a venomous arachnid creature.
You visited 3 branches of the dungeon, and saw 12 of its levels.

You collected 699 gold pieces.
You spent 508 gold pieces at shops.

Inventory:

Missiles
 o - 123 arrows
Armour
 h - a +0 pair of gloves (melded)
 l - a +0 cloak (melded)
 I - the +1 pair of boots of the Twelve Mice (melded) {rC+ MR+}
   (You found it on level 8 of the Dungeon)

   It protects you from cold.
   It affects your resistance to hostile enchantments.
 R - the +3 robe of Clouds (melded) {+Fly rElec}
   (You bought it in a shop on level 9 of the Dungeon)

   It insulates you from electricity.
   It lets you fly.
Jewellery
 g - an uncursed ring of teleportation
 q - an amulet of clarity (around neck)
 r - an uncursed ring of protection from fire
 t - a ring of see invisible (left front leg)
 u - an uncursed ring of sustain abilities
 A - an uncursed ring of ice
 C - a ring of magical power (right front leg)
 Q - a +3 ring of strength {unknown}
Magical devices
 i - a wand of lightning (6)
 y - a wand of disintegration (21)
 G - a wand of slowing (35)
 H - a wand of frost (23)
 K - a wand of paralysis (10)
 P - a wand of random effects (21)
Scrolls
 x - a scroll of enchant weapon
 D - 3 scrolls of identify
 J - 2 scrolls of teleportation
 N - a scroll of immolation {unknown}
 O - 2 scrolls of remove curse
Potions
 a - 3 potions of haste {unknown}
 e - 3 potions of flight
 k - a potion of might
 n - 2 potions of cancellation
 s - a potion of ambrosia {unknown}
 v - 2 potions of resistance
 w - 3 potions of agility
 z - 2 potions of curing
 B - a potion of brilliance {unknown}
 F - a potion of invisibility
Books
 c - a book of Changes

   Spells                             Type                      Level
   a - Beastly Appendage              Transmutation                1
   b - Sticks to Snakes               Transmutation                2
   c - Spider Form                    Transmutation/Poison         3
   d - Ice Form                       Ice/Transmutation            4
   e - Blade Hands                    Transmutation                5
 m - a book of Air

   Spells                             Type                      Level
   a - Shock                          Conjuration/Air              1
   b - Swiftness                      Charms/Air                   2
   c - Repel Missiles                 Charms/Air                   2
   d - Flight                         Charms/Air                   3
   e - Static Discharge               Conjuration/Air              3
   f - Lightning Bolt                 Conjuration/Air              5
 L - a book of Debilitation

   Spells                             Type                      Level
   a - Corona                         Hexes                        1
   b - Slow                           Hexes                        2
   c - Gell's Gravitas                Hexes/Translocation          3
   d - Inner Flame                    Hexes/Fire                   3
   e - Cause Fear                     Hexes                        4
   f - Leda's Liquefaction            Hexes/Earth                  4
Comestibles
 b - 8 chunks of flesh
 d - 4 bread rations
 f - a slice of pizza
 j - 10 royal jellies
 p - 3 meat rations
 E - a beef jerky
 M - 6 fruits


   Skills:
 - Level 5.0(10.0) Fighting
 * Level 11.1(16.1) Dodging
 - Level 11.0(16.0) Unarmed Combat
 - Level 2.0 Spellcasting
 - Level 11.0 Transmutations
 - Level 2.0 Poison Magic


You couldn't memorise any spells.
You knew the following spells:

 Your Spells              Type           Power        Failure   Level  Hunger
a - Beastly Appendage     Trmt           #####.       2%          1    #......
b - Blade Hands           Trmt           #####.....   21%         5    ######.
i - Ice Form              Ice/Trmt       ###.....     41%         4    #####..
s - Spider Form           Trmt/Pois      ###.......   14%         3    ###....


Dungeon Overview and Level Annotations

Branches:
Dungeon (9/15)             Temple (1/1) D:5            Lair (0/8) D:8
    Orc (2/4) D:9

Altars:
Ashenzari
Cheibriados
Dithmenos
Elyvilon
Fedhas
Gozag
Kikubaaqudgha
Makhleb
Nemelex Xobeh
Okawaru
Qazlal
Ru
Sif Muna
Trog
Vehumet
Xom
Yredelemnul
Zin
The Shining One

Shops:
D:9 [(

Annotations:
Orc:2 Snorg


Message History

Snorg is heavily wounded.
The orc priest utters an invocation to Beogh.
You feel a wave of unholy energy pass over you.
Snorg completely misses you. Snorg misses you. Snorg completely misses you.
An orc wizard comes into view. It is wielding a dagger.
The orc wizard shouts!
You maul Snorg!!
Snorg is severely wounded.
Snorg completely misses you. x3
You barely miss Snorg.
Snorg is severely wounded.
Snorg bites you!!
* * * LOW HITPOINT WARNING * * *
Snorg completely misses you. Snorg misses you.
The orc misses you. 2 orcs come into view.
You closely miss Snorg.
Snorg is severely wounded.
The orc shouts!
Snorg bites you.
You die...

..$.... .#....#
....... .......
......
#.#...#....#....o...#
#...#.#....# ...o..
#.....<# #.....#
...#.##.### .....##
.. ##).#### .o....#
#.. #....#.##o....##
#. ##..#.$sTo...... #
##.##.o#.......
...#..........
..........#....
.....#..........
....#............
#..##........... .
...........o.


You could see Snorg (berserk), an orc priest and 5 orcs.

Vanquished Creatures
  The ghost of Oper80 the Skirmisher, an experienced OgHu of Ashenzari (D:6)
  Urug (Orc:1)
  Joseph (D:9)
  Psyche (D:8)
  A fire drake (D:8)
  A two-headed ogre (D:8)
  Prince Ribbit (D:8)
  A hippogriff (D:7)
  A black bear (D:9)
  2 wasps (D:8)
  A sky beast (D:6)
  2 orc warriors (D:9)
  3 ice beasts
  6 ogres
  4 centaurs
  A phantom (D:8)
  A big kobold (D:8)
  A gnoll sergeant (D:9)
  A brain worm (D:8)
  4 giant frogs
  A wyvern skeleton (D:6)
  5 wights (D:9)
  6 crimson imps
  2 orc priests
  A jelly (D:9)
  A centaur skeleton (D:6)
  2 giant frog skeletons
  2 hounds (D:9)
  8 orc wizards
  7 worker ants
  A hound zombie (D:9)
  11 adders
  8 gnolls
  2 adder zombies
  An ooze (D:4)
  An adder skeleton (D:7)
  3 giant geckos
  44 orcs
  A bat skeleton (D:8)
  17 goblins
  9 hobgoblins
  11 jackals
  15 kobolds
  3 quokkas
  4 ball pythons
  15 bats
  10 giant cockroaches
  2 giant gecko skeletons
  4 giant newts
  A jackal skeleton (D:8)
  2 quokka zombies (D:5)
  24 rats
259 creatures vanquished.

Vanquished Creatures (others)
  An ogre (D:5)
1 creature vanquished.

Grand Total: 260 creatures vanquished

Notes
Turn   | Place    | Note
--------------------------------------------------------------
     0 | D:1      | Kisielow the Merfolk Transmuter began the quest for the Orb.
     0 | D:1      | Reached XP level 1. HP: 15/15 MP: 3/3
   108 | D:1      | Reached XP level 2. HP: 21/21 MP: 3/5
   160 | D:1      | Reached skill level 4 in Unarmed Combat
   698 | D:1      | Reached XP level 3. HP: 21/26 MP: 3/6
   703 | D:1      | Learned a level 3 spell: Spider Form
   941 | D:1      | Reached skill level 1 in Poison Magic
  1185 | D:2      | Found a stormy altar of Qazlal.
  1229 | D:2      | Reached XP level 4. HP: 24/32 MP: 7/7
  1619 | D:2      | Found a basalt altar of Yredelemnul.
  2743 | D:3      | Reached XP level 5. HP: 30/37 MP: 4/8
  3140 | D:4      | Reached skill level 5 in Transmutations
  3389 | D:4      | Noticed an ogre
  3893 | D:4      | Found a sacrificial altar of Ru.
  3914 | D:4      | Reached skill level 5 in Unarmed Combat
  3961 | D:4      | Found a glowing silver altar of Zin.
  4250 | D:4      | Reached XP level 6. HP: 44/44 MP: 5/9
  4734 | D:4      | Killed an ogre
  4734 | D:4      | Reached skill level 6 in Unarmed Combat
  4943 | D:5      | Entered Level 5 of the Dungeon
  4963 | D:5      | Reached XP level 7. HP: 50/52 MP: 8/10
  5657 | D:5      | Found a staircase to the Ecumenical Temple.
  5670 | Temple   | Entered the Ecumenical Temple
  5771 | Temple   | Became a worshipper of Warmaster Okawaru
  5862 | D:6      | Reached skill level 7 in Unarmed Combat
  6016 | D:6      | Noticed Oper80's ghost (experienced OgHu)
  6034 | D:7      | Reached skill level 5 in Fighting
  6043 | D:7      | Reached XP level 8. HP: 27/62 MP: 11/11
  6277 | D:7      | Noticed a hippogriff
  6291 | D:7      | Killed a hippogriff
  6291 | D:7      | Acquired Okawaru's first power
  6291 | D:7      | Reached skill level 8 in Unarmed Combat
  6702 | D:7      | Found a blossoming altar of Fedhas.
  6914 | D:7      | Reached skill level 9 in Unarmed Combat
  7412 | D:8      | Noticed Prince Ribbit
  7414 | D:8      | Noticed a two-headed ogre
  7423 | D:8      | Killed Prince Ribbit
  7423 | D:8      | Reached skill level 10 in Unarmed Combat
  7425 | D:8      | Killed a two-headed ogre
  7425 | D:8      | Reached skill level 11 in Unarmed Combat
  7425 | D:8      | Reached XP level 9. HP: 47/68 MP: 7/12
  7455 | D:8      | Got a pair of crude boots
  7461 | D:8      | Identified the +1 pair of boots of the Twelve Mice {rC+ MR+} (You found it on level 8 of the Dungeon)
  7782 | D:8      | Found a shattered altar of Ashenzari.
  7790 | D:8      | Found a staircase to the Lair.
  7790 | D:8      | Noticed a fire drake
  7801 | D:8      | Killed a fire drake
  7801 | D:8      | Reached skill level 5 in Dodging
  8060 | D:8      | Noticed Psyche
  8069 | D:8      | Killed Psyche
  8163 | D:8      | Found an opulent altar of Gozag.
  8761 | D:8      | Reached skill level 10 in Dodging
  8776 | D:8      | Learned a level 4 spell: Ice Form
  8827 | D:6      | Killed Oper80's ghost
  8827 | D:6      | Reached XP level 10. HP: 42/74 MP: 13/13
  8857 | D:6      | Found a sparkling altar of Nemelex Xobeh.
  8870 | D:6      | Found a deep blue altar of Sif Muna.
  9001 | D:6      | Found a radiant altar of Vehumet.
  9015 | D:6      | Found a glowing golden altar of the Shining One.
  9235 | D:6      | Found a radiant altar of Vehumet.
  9720 | D:9      | Reached skill level 10 in Transmutations
  9838 | D:9      | Learned a level 5 spell: Blade Hands
  9893 | D:9      | Found a shadowy altar of Dithmenos.
  9909 | D:9      | Found Qas Dim's Weapon Shoppe.
  9912 | D:9      | Found a staircase to the Orcish Mines.
  9913 | D:9      | Found Upriesom's Armour Shoppe.
  9980 | D:9      | Bought the +3 robe of Clouds {+Fly rElec} for 508 gold pieces
 10198 | D:9      | Noticed Joseph
 10213 | D:9      | Killed Joseph
 10610 | Orc:1    | Entered Level 1 of the Orcish Mines
 10739 | Orc:1    | Noticed Urug
 10754 | Orc:1    | Killed Urug
 10987 | Orc:2    | Noticed Snorg
 11003 | Orc:2    | Slain by Snorg

Vault maps used:
D:1:      onia_arrival_larder
D:2:      yredelemnul_altar_generic, old_standard_altar, first_bread,
          minmay_curled_crystal
D:4:      nicolae_ru_great_annihilating_truth, lemuel_doored_altar
D:5:      lemuel_temple_firewalk_marked
D:6:      nicolae_overflow_quartered_altars, basic_altar
D:7:      fedhas_altar_fruit_tree
D:8:      nicolae_gozag_cash_rules_everything_around_me,
          ashenzari_conservatory_becter, minmay_lair_entry_lava,
          hangedman_pestilent_swarm, item_on_display_a, uniq_prince_ribbit1,
          uniq_psyche
D:9:      grunt_dithmenos_smoke_and_mirrors, orc_david_3, uniq_joseph
Temple:   nicolae_temple_great_sept
Orc:1:    serial_shops, nicolae_shop_overgrown_old_shop, basic_altar, uniq_urug
Orc:2:    led_sif_book, uniq_snorg, uniq_rupert

Action                   |  1- 3 |  4- 6 |  7- 9 | 10-12 || total
-------------------------+-------+-------+-------+-------++-------
Melee: Unarmed           |   124 |   167 |   272 |   221 ||   784
 Cast: Beastly Appendage |    19 |    12 |       |       ||    31
       Spider Form       |       |    19 |    40 |    22 ||    81
       Blade Hands       |       |       |       |     1 ||     1
Invok: Heroism           |       |       |     1 |     2 ||     3
 Abil: End Transformatio |       |     1 |     1 |       ||     2
       Evoke Flight      |       |       |       |     1 ||     1
  Use: Scroll            |     1 |    10 |     6 |       ||    17
 Stab: Sleeping          |       |     2 |       |     4 ||     6
       Paralysed         |       |     1 |       |       ||     1
  Eat: Chunk             |     2 |    11 |    14 |     5 ||    32
       Pizza             |       |     2 |       |       ||     2
       Fruit             |       |       |    11 |       ||    11
